 Dungeon Crawl Stone Soup version 0.31-a0-672-g7da72447bb (webtiles) character file.

Game seed: 11428778756083846274

42 rvierbuc the Trooper (level 3, -2/40 HPs)
             Began as an Ogre Cinder Acolyte on Sept 4, 2023.
             Was a High Priest of Ignis.
             Slain by a goblin
             ... wielding a +0 dagger
             ... led by Robin
              (3 damage)
             ... on level 2 of the Dungeon.
             The game lasted 00:03:53 (871 turns).

rvierbuc the Trooper (Ogre Cinder Acolyte)           Turns: 871, Time: 00:03:54

Health: -2/40      AC:  3    Str: 24    XL:     3   Next: 54%
Magic:  4/6        EV:  9    Int: 17    God:    Ignis [*****.]
Gold:   6          SH:  0    Dex:  4    Spells: 4/6 levels left

rFire   + . .        g - +0 flail
rCold   . . .        (no shield)
rNeg    . . .        b - +0 robe
rPois   .            (helmet restricted)
rElec   .            (no cloak)
rCorr   .            (gloves unavailable)
SInv    .            (boots unavailable)
Will    +....        (no amulet)
Stlth   +            d - ring of willpower
HPRegen 0.26/turn    e - +6 ring of strength
MPRegen 0.10/turn

%: no passive effects
@: no status effects
A: large, unfitting armour, tough skin 1
a: Renounce Religion, Fiery Armour, Foxfire Swarm, Rising Flame


You were on level 2 of the Dungeon.
You worshipped Ignis.
Ignis was extremely pleased with you.
You visited 1 branch of the dungeon, and saw 2 of its levels.

You collected 6 gold pieces.

Inventory:

Hand Weapons
 a - a -1 falchion of flaming
 g - a +0 flail (weapon)
Armour
 b - a +0 robe (worn)
Jewellery
 d - a ring of willpower (left hand)
 e - a +6 ring of strength (right hand)
 f - a +6 ring of strength
Scrolls
 c - a scroll of enchant weapon {unknown}
 h - a scroll of poison {unknown}


   Skills:
 + Level 4.5 Fighting
 + Level 3.1 Long Blades
 + Level 0.2 Maces & Flails
 + Level 2.1 Spellcasting
 + Level 3.0 Fire Magic


You had 4 spell levels left.
You knew the following spells:

 Your Spells              Type           Power      Damage    Failure   Level
a - Scorch                Fire           24%        2d6       9%          2

Your spell library contained the following spells:

 Spells                   Type           Power      Damage    Failure   Level


Dungeon Overview and Level Annotations

Branches:
Dungeon (2/15)

Altars:

Shops:
D:1 (

Annotations:
D:2 Robin


Innate Abilities, Weirdness & Mutations

You are too large for most types of armour.
You have tough skin. (AC +1)


Message History

The goblin hits you with a +0 club.
* * * LOW HITPOINT WARNING * * *
The goblin closely misses you.
You hit the goblin but do no damage. The goblin closely misses you.
The goblin completely misses you. The goblin attacks as it pursues you!
The goblin hits you with a +0 dagger.
* * * LOW HITPOINT WARNING * * *
The goblin attacks as it pursues you! The goblin hits you but does no damage.
The goblin attacks as it pursues you! The goblin hits you but does no damage.
The goblin hits you with a +0 club.
* * * LOW HITPOINT WARNING * * *
The goblin hits you but does no damage.
You miss the goblin. The goblin barely misses you.
The goblin hits something with a +0 club.
You sock the goblin!
You kill the goblin!
You hit the goblin.
The goblin is almost dead.
The goblin barely misses you.
The goblin hits something with a +0 club!
You closely miss the goblin.
The goblin is almost dead.
The goblin hits you but does no damage. The goblin hits you with a +0 club.
* * * LOW HITPOINT WARNING * * *
You are too injured to fight recklessly!
Casting: Scorch (safe; 9% risk of failure)
Press: ? - help, Q - select action Dir - look around, f - activate Flames lash the goblin.
You kill the goblin!
You hear a shout!
The goblin barely misses you.
You barely miss the goblin.
The goblin is severely wounded.
Robin throws the goblin at you!
* * * LOW HITPOINT WARNING * * *
The goblin hits you with a +0 club.
* * * LOW HITPOINT WARNING * * *
You barely miss the goblin. The goblin hits you but does no damage.
The goblin closely misses you. The goblin hits you with a +0 dagger.
You die...

........## #.P##PP###
.<.......# #.#..P...#
.....<...###.#....P.# #
.........##..+P.(...#
..
.............+......#.#
.........###.#....P.P.
........## #...P....#
.†.....## #..g##P##P.#
#.###### ##.ggg@g....#
#..# #...g######## ##.#
##.)g.# #.# ###..#†##
#.# #...##g## #.#
#.####g.# #.### #.#
##g...# #...# #.#
#gg..# ####.###.###
#..<.#


You could see Robin, 2 hobgoblins and 4 goblins.

Vanquished Creatures
  A worm (D:2)
  A dart slug (D:1)
  2 ball pythons
  7 endoplasms
  A giant cockroach (D:1)
  7 goblins
  3 hobgoblins
  4 jackals (D:1)
  A kobold (D:1)
  3 rats (D:1)
30 creatures vanquished.

Notes
Turn   | Place    | Note
-------+----------+-------------------------------------------
     0 | D:1      | rvierbuc the Ogre Cinder Acolyte began the quest for the
                  | Orb.
     0 | D:1      | Reached XP level 1. HP: 24/24 MP: 2/2
   137 | D:1      | Found Acwaczy's Weapon Boutique.
   152 | D:1      | Reached XP level 2. HP: 32/32 MP: 2/4
   244 | D:1      | Learned a level 2 spell: Scorch
   458 | D:1      | Reached XP level 3. HP: 40/40 MP: 5/5
   847 | D:2      | Noticed Robin
   870 | D:2      | HP: 1/40 [goblin/+0 club (3)]
   871 | D:2      | Slain by a goblin

Illustrated notes

Levels and vault maps discovered:
D:1:      dpeg_arrival_shelter, layout_rooms, serial_shops,
          nicolae_shop_bloodbath_and_beyond
D:2:      cheibrodos_old_hovel, layout_rooms, basic_altar,
          chequers_serial_rivers_large_b, serial_bayou_pond_e, uniq_robin

Skill      XL: |  1  2  3 |
---------------+----------+-----
Long Blades    | 3 |  3.1
Fire Magic     | 3 |  3.0
Spellcasting   | 2 |  2.1
Fighting       | |  4.5
Maces & Flails | |  0.2

Action                     || total
---------------------------++-------
  Melee: Falchion          ||    52
         Flail             ||    28
   Cast: Scorch            ||     2
 Armour: Robe              ||    79
  Dodge: Dodged            ||    41

Table legend: (Time is in decaauts)
 A = Elapsed time spent in this place.
 B = Non-inter-level travel time spent in this place.
 C = Inter-level travel time spent in this place.
 D = Time resting spent in this place.
 E = Time spent auto-exploring this place.
 F = Levels seen in this place.
 G = Mean time per level.
                   A        B        C        D        E       F      G
               +--------+--------+--------+--------+--------+-----+--------+
         Total |    888 |    862 |     26 |      0 |    665 |   2 |  444.0 |
       Dungeon |    888 |    862 |     26 |      0 |    665 |   2 |  444.0 |
               +--------+--------+--------+--------+--------+-----+--------+

Top non-repeatable levels by time:
     D:1: 615 daAuts
     D:2: 272 daAuts
